 Dungeon Crawl Stone Soup version 0.23-a0-435-g79ed067 (webtiles) character file.

16891 Zimple the Brawler (level 12, -14/105 HPs)
             Began as a Troll Venom Mage on Nov 15, 2018.
             Was a High Priest of Elyvilon.
             Killed from afar by Frances (48 damage)
             ... with an iron shot
             ... on level 12 of the Dungeon.
             The game lasted 00:42:15 (13292 turns).

Zimple the Brawler (Troll Venom Mage)              Turns: 13292, Time: 00:42:18

Health: -14/105    AC: 12    Str: 19    XL:     12   Next: 14%
Magic:  12/12      EV:  7    Int: 17    God:    Elyvilon [*****.]
Gold:   466        SH: 17    Dex: 10    Spells: 6/13 levels left

rFire    + . .     SeeInvis .     - Unarmed
rCold    + . .     Gourm    +   O - +2 large shield {rPois}
rNeg     . . .     Faith    .   N - +2 robe {MR+}
rPois    +         Spirit   .   K - +2 hat
rElec    .         Reflect  .   l - scarf {rC+ rF+}
rCorr    .         Harm     .   (gloves unavailable)
MR       +....     Clarity  +   (boots unavailable)
Stlth    +.........             (no amulet)
HPRegen  0.67/turn              P - +3 ring of protection
MPRegen  0.13/turn              (no ring)

@: hasted, very quick
A: large, unfitting armour, claws 3, clarity, clever 1, fast metabolism 3,
gourmand, regeneration 1, shaggy fur 1, tough skin 2, wild magic 1, evolution 1
a: Lesser Healing, Heal Other, Purification, Greater Healing, Divine Vigour,
Divine Protection, Renounce Religion


You were on level 12 of the Dungeon.
You worshipped Elyvilon.
Elyvilon was extremely pleased with you.
You were completely stuffed.

You visited 2 branches of the dungeon, and saw 13 of its levels.
You also visited: Sewer and Bailey.

You collected 690 gold pieces.
You spent 224 gold pieces at shops.

Inventory:

Hand Weapons
 b - a +4 hunting sling of venom
 n - a +0 trident
 y - a +1 trident of venom
 A - a +2 whip of electrocution
Missiles
 d - 52 sling bullets
 g - 67 tomahawks of returning
 h - 24 tomahawks (quivered)
 x - 3 throwing nets
 Q - 4 silver tomahawks
Armour
 l - a scarf of resistance (worn)
 K - a +2 hat (worn)
 N - a +2 robe of magic resistance (worn)
 O - a +2 large shield of poison resistance (worn)
Jewellery
 p - an uncursed ring of ice
 P - a +3 ring of protection (left claw)
Wands
 s - a wand of disintegration (19)
 B - a wand of flame (13)
 H - a wand of acid (5)
 I - a wand of polymorph (9)
 V - a wand of iceblast (12)
Scrolls
 e - a scroll of immolation
 f - 9 scrolls of remove curse
 m - a scroll of magic mapping
 o - 10 scrolls of teleportation
 t - a scroll of blinking
 u - 3 scrolls of enchant armour
 w - 6 scrolls of amnesia
 D - a scroll of noise {unknown}
 E - a scroll of summoning
 S - 2 scrolls of identify
 T - a scroll of enchant weapon {unknown}
 U - a scroll of random uselessness {unknown}
Potions
 i - 2 potions of berserk rage
 j - 5 potions of heal wounds
 k - 3 potions of degeneration
 q - 3 potions of resistance
 r - 10 potions of curing
 v - 5 potions of magic
 z - 6 potions of flight
 C - a potion of agility
 F - a potion of haste
 G - 2 potions of lignification
 J - a potion of invisibility
 L - a potion of cancellation {unknown}
 M - a potion of brilliance {unknown}
Comestibles
 a - 5 chunks of flesh
 c - 25 rations


   Skills:
 * Level 3.4 Fighting
 - Level 0.1 Throwing
 - Level 1.5 Dodging
 - Level 1.0 Stealth
 * Level 6.1 Shields
 * Level 15.4 Unarmed Combat
 - Level 1.2 Spellcasting
 - Level 0.6 Conjurations
 - Level 3.2 Air Magic
 - Level 5.0 Poison Magic


You had 6 spell levels left.
You knew the following spells:

 Your Spells              Type           Power        Failure   Level  Hunger
a - Sting                 Conj/Pois      ##..         50%         1    ##.....
b - Poisonous Vapours     Pois/Air       ###...       45%         2    ###....
c - Olgreb's Toxic Radia  Pois           ###.....     92%         4    #####..

Your spell library contained the following spells:

 Spells                   Type           Power        Failure   Level  Hunger
 Magic Dart               Conj           #...         82%         1    ##.....
 Mephitic Cloud           Conj/Pois/Air  ##......     83%         3    ####...
 Blink                    Tloc           N/A          95%         2    ###....
 Call Imp                 Summ           #.......     95%         2    ###....
 Slow                     Hex            #.......     95%         2    ###....
 Conjure Flame            Conj/Fire      #.......     99%         3    ####...
 Bolt of Magma            Conj/Fire/Erth #.........   100%        5    ######.
 Iskenderun's Battlesphe  Conj/Chrm      #.......     100%        5    ######.
 Venom Bolt               Conj/Pois      ##........   100%        5    ######.
 Iron Shot                Conj/Erth      #.........   100%        6    #######
 Orb of Destruction       Conj           #.........   100%        7    #######
 Spellforged Servitor     Conj/Summ      #.........   100%        7    #######


Dungeon Overview and Level Annotations

Branches:
Dungeon (12/15)            Temple (1/1) D:7            Lair (0/6) D:11
    Orc (0/2) D:10

Altars:
Ashenzari
Cheibriados
Dithmenos
Elyvilon
Fedhas
Gozag
Hepliaklqana
Kikubaaqudgha
Makhleb
Nemelex Xobeh
Okawaru
Qazlal
Ru
Sif Muna
Trog
Uskayaw
Vehumet
Wu Jian
Xom
Yredelemnul
Zin
The Shining One

Shops:
D:6 [

Annotations:
D:5 exclusion: downstairs
D:6 exclusion: downstairs
D:7 3 runed doors, Avack's ghost, novice MfSu
D:12 Frances


Innate Abilities, Weirdness & Mutations

You are too large for most types of armour.
You have claws for hands.
Your metabolism is lightning-fast.
You like to eat raw meat.
Your natural rate of healing is unusually fast.
You are covered in fur. (AC +1)
You have very tough skin. (AC +2)
You possess an exceptional clarity of mind.
Your mind is acute. (Int +2)
Your spells are a little harder to cast, but a little more powerful.
You evolve.


Message History

You block the orange demon's attack. x2
You claw Frances!
Frances is moderately wounded.
Frances hits you with a +0 short sword!!
You scratch Frances.
Frances is heavily wounded.
Frances screams a word of power!
The shard of ice hits you! You partially resist.
You block the orange demon's attack.
The orange demon hits you but does no damage.
You closely miss Frances.
Frances is heavily wounded.
Frances barely misses you.
You mangle Frances!!
Frances is heavily wounded.
You block the orange demon's attack.
The orange demon hits you but does no damage.
Frances mutters in a terrible tongue.
The iron shot hits you!
You die...

###.....# ........#
........# ........#
.....@..# ........#
........######
###########@....#
#.........@.....#
#........4#.....#
..#######'###.....# ...
#.###..#......#
....#....).#......#
<...#......'†.....# #
..'..###'#......# .
..#..##..#......#
.########......#......#


You could see Frances and an orange demon.

Vanquished Creatures
  Josephine (D:12)
  3 two-headed ogres
  2 unseen horrors (D:11)
  An orc knight (Bailey)
  Pikel (D:4)
  An ugly thing (D:12)
  A manticore (D:10)
  A gargoyle (D:10)
  A komodo dragon (D:11)
  A hornet (D:11)
  2 polar bears (D:9)
  3 hippogriffs
  A shadow (D:12)
  7 yaks
  4 wraiths
  A hungry ghost (D:11)
  Grum (D:8)
  A human (D:7)
  4 hogs (D:7)
  Duvessa (D:7)
  A soldier ant (D:12)
  2 water moccasins
  5 orc warriors
  3 sky beasts
  A black bear (D:6)
  2 necrophages
  2 ice beasts (D:7)
  2 wolves (D:8)
  6 ogres
  A phantom (D:6)
  2 centaurs
  3 big kobolds
  10 bullfrogs
  Dowan (D:7)
  A scorpion (D:6)
  17 killer bees
  An electric eel (D:9)
  3 howler monkeys
  9 crimson imps
  4 centaur zombies
  A bullfrog zombie (D:12)
  A quasit (D:8)
  4 hounds
  3 jellies
  9 orc priests
  A wyvern simulacrum (D:9)
  11 orc wizards
  A bullfrog skeleton (D:7)
  2 centaur skeletons
  An iguana (D:7)
  14 worker ants
  A merfolk siren (Sewer)
  A merfolk avatar (Sewer)
  A hound zombie (D:8)
  3 hound skeletons
  2 worker ant zombies (D:5)
  17 adders
  17 gnolls
  4 river rats (Sewer)
  A hound simulacrum (D:9)
  7 shadow imps
  A white imp (D:9)
  A worker ant simulacrum (D:9)
  An adder skeleton (D:3)
  An adder simulacrum (D:9)
  2 dart slugs (D:1)
  8 leopard geckos
  65 orcs
  6 giant cockroaches
  6 goblins
  14 hobgoblins
  8 jackals
  8 quokkas
  9 ball pythons
  5 bats
  7 frilled lizards
  28 kobolds
  A quokka simulacrum (D:9)
  21 rats
408 creatures vanquished.

Vanquished Creatures (collateral kills)
  A killer bee (D:8)
1 creature vanquished.

Vanquished Creatures (others)
  An orc (D:7)
  3 fungi (D:7)
  3 plants
7 creatures vanquished.

Grand Total: 416 creatures vanquished

Notes
Turn   | Place    | Note
-------+----------+-------------------------------------------
     0 | D:1      | Zimple the Troll Venom Mage began the quest for the Orb.
     0 | D:1      | Reached XP level 1. HP: 16/16 MP: 1/1
   134 | D:1      | Reached XP level 2. HP: 24/24 MP: 2/2
   351 | D:1      | Reached skill level 1 in Unarmed Combat
   617 | D:2      | Reached XP level 3. HP: 25/31 MP: 3/3
   765 | D:2      | Reached skill level 2 in Unarmed Combat
   953 | D:2      | Reached XP level 4. HP: 35/39 MP: 4/4
   965 | D:2      | Found an iron altar of Okawaru.
  1467 | D:3      | Learned a level 2 spell: Poisonous Vapours
  2197 | D:3      | Reached skill level 3 in Unarmed Combat
  2208 | D:3      | Reached XP level 5. HP: 45/45 MP: 5/5
  2619 | D:4      | Found a glowing drain.
  2852 | Sewer    | Entered a sewer
  2867 | Sewer    | Reached skill level 4 in Unarmed Combat
  3171 | Sewer    | Reached XP level 6. HP: 53/53 MP: 6/6
  3748 | D:4      | Reached skill level 5 in Unarmed Combat
  3789 | D:4      | Noticed a slave
  3790 | D:4      | Noticed Pikel
  3794 | D:4      | Reached skill level 1 in Air Magic
  3794 | D:4      | Noticed a slave
  3795 | D:4      | Noticed a slave
  3799 | D:4      | Noticed a slave
  3826 | D:4      | Killed Pikel
  3826 | D:4      | Reached skill level 7 in Unarmed Combat
  3826 | D:4      | Reached XP level 7. HP: 15/59 MP: 0/7
  3916 | D:5      | Entered Level 5 of the Dungeon
  3993 | D:4      | Found a radiant altar of Vehumet.
  4098 | D:5      | Found a hide-covered altar of Uskayaw.
  4177 | D:5      | Reached XP level 8. HP: 60/67 MP: 8/8
  4294 | D:5      | Reached skill level 8 in Unarmed Combat
  5251 | D:6      | Reached skill level 9 in Unarmed Combat
  5339 | D:6      | Learned a level 4 spell: Olgreb's Toxic Radiance
  5432 | D:6      | Found a shattered altar of Ashenzari.
  5726 | D:6      | Found an opulent altar of Gozag.
  5791 | D:6      | Reached skill level 10 in Unarmed Combat
  5791 | D:6      | Reached XP level 9. HP: 54/73 MP: 9/9
  5953 | D:6      | Found Joum's Antique Armour Shop.
  5957 | D:6      | Bought a runed hat for 224 gold pieces
  6025 | D:7      | Noticed Duvessa
  6025 | D:7      | Noticed Dowan
  6315 | D:7      | Reached skill level 11 in Unarmed Combat
  6353 | D:7      | Killed Duvessa
  6360 | D:7      | Killed Dowan
  6826 | D:7      | Reached skill level 12 in Unarmed Combat
  7014 | D:7      | Found a staircase to the Ecumenical Temple.
  7023 | Temple   | Entered the Ecumenical Temple
  7136 | Temple   | Became a worshipper of Elyvilon the Healer
  7652 | D:7      | Found a runed gate.
  7653 | D:7      | Found a runed gate.
  7653 | D:7      | Found a runed gate.
  7654 | D:7      | Noticed Avack's ghost (novice MfSu)
  7838 | D:8      | Reached XP level 10. HP: 72/81 MP: 10/10
  7931 | D:8      | Noticed a two-headed ogre
  7969 | D:8      | Killed a two-headed ogre
  8155 | D:8      | Found a flagged portal.
  8184 | D:8      | Gained mutation: You have a pair of small horns on your
                  | head. [potion of mutation]
  8184 | D:8      | Gained mutation: You evolve. [potion of mutation]
  8186 | Bailey   | Entered a bailey
  8486 | Bailey   | Lost mutation: You have a pair of small horns on your head.
                  | [evolution]
  8551 | Bailey   | Noticed an orc knight
  8576 | Bailey   | Killed an orc knight
  8576 | Bailey   | Reached skill level 13 in Unarmed Combat
  8576 | Bailey   | Reached skill level 5 in Poison Magic
  8831 | Bailey   | Identified a scroll of acquirement
  8953 | D:8      | Reached * piety under Elyvilon
  8969 | D:8      | Found a basalt altar of Yredelemnul.
  8969 | D:8      | Found a blossoming altar of Fedhas.
  8970 | D:8      | Found a sacrificial altar of Ru.
  8996 | D:8      | Lost mutation: You evolve. [potion of mutation]
  8996 | D:8      | Gained mutation: Your magical capacity is low. (-10% MP)
                  | [potion of mutation]
  8996 | D:8      | Gained mutation: You are robust. (+10% HP) [potion of
                  | mutation]
  8996 | D:8      | Gained mutation: Your magical capacity is very low. (-20%
                  | MP) [potion of mutation]
  8996 | D:8      | Gained mutation: You have a somewhat thin skeletal
                  | structure. (Dex +2, Stealth) [potion of mutation]
  8997 | D:8      | Lost mutation: Your magical capacity is very low. (-20% MP)
                  | [potion of mutation]
  8997 | D:8      | Lost mutation: You have a somewhat thin skeletal structure.
                  | (Dex +2, Stealth) [potion of mutation]
  8997 | D:8      | Lost mutation: You are robust. (+10% HP) [potion of
                  | mutation]
  8997 | D:8      | Gained mutation: You are partially covered in large bone
                  | plates. (SH +4) [potion of mutation]
  8997 | D:8      | Gained mutation: You possess an exceptional clarity of
                  | mind. [potion of mutation]
  8997 | D:8      | Gained mutation: Your mind is acute. (Int +2) [potion of
                  | mutation]
  8998 | D:8      | Lost mutation: You possess an exceptional clarity of mind.
                  | [potion of mutation]
  8998 | D:8      | Lost mutation: Your mind is acute. (Int +2) [potion of
                  | mutation]
  8998 | D:8      | Gained mutation: You are mostly covered in large bone
                  | plates. (SH +6) [potion of mutation]
  8998 | D:8      | Gained mutation: Your mind is acute. (Int +2) [potion of
                  | mutation]
  8999 | D:8      | Lost mutation: Your mind is acute. (Int +2) [potion of
                  | mutation]
  8999 | D:8      | Lost mutation: You are mostly covered in large bone plates.
                  | (SH +6) [potion of mutation]
  8999 | D:8      | Lost mutation: Your magical capacity is low. (-10% MP)
                  | [potion of mutation]
  8999 | D:8      | Lost mutation: You are partially covered in large bone
                  | plates. (SH +4) [potion of mutation]
  8999 | D:8      | Gained mutation: You are dopey. (Int -2) [potion of
                  | mutation]
  8999 | D:8      | Gained mutation: Armour fits poorly on your strangely
                  | shaped body. [potion of mutation]
  8999 | D:8      | Gained mutation: Your spells are a little harder to cast,
                  | but a little more powerful. [potion of mutation]
  9000 | D:8      | Lost mutation: Armour fits poorly on your strangely shaped
                  | body. [potion of mutation]
  9000 | D:8      | Lost mutation: You are dopey. (Int -2) [potion of mutation]
  9000 | D:8      | Gained mutation: You evolve. [potion of mutation]
  9000 | D:8      | Gained mutation: You possess an exceptional clarity of
                  | mind. [potion of mutation]
  9134 | D:8      | Noticed Grum
  9144 | D:8      | Killed Grum
  9163 | D:8      | Reached skill level 1 in Fighting
  9178 | D:8      | Found a stormy altar of Qazlal.
  9384 | D:8      | Reached ** piety under Elyvilon
  9511 | D:9      | Reached skill level 1 in Shields
  9770 | D:9      | Gained mutation: Your mind is acute. (Int +2) [evolution]
 10287 | D:9      | Reached XP level 11. HP: 58/93 MP: 11/11
 10520 | D:10     | Entered Level 10 of the Dungeon
 10617 | D:10     | Reached *** piety under Elyvilon
 10728 | D:10     | Reached skill level 14 in Unarmed Combat
 10738 | D:10     | Noticed a two-headed ogre
 10750 | D:10     | Killed a two-headed ogre
 11612 | D:10     | Found a staircase to the Orcish Mines.
 11736 | D:11     | Found a shimmering altar of Xom.
 11785 | D:11     | Paralysed by a hornet for 1 turns
 11888 | D:11     | Reached **** piety under Elyvilon
 12249 | D:11     | Killed an unseen horror
 12249 | D:11     | Reached skill level 5 in Shields
 12528 | D:11     | Found a staircase to the Lair.
 12554 | D:11     | Killed an unseen horror
 12554 | D:11     | Reached skill level 15 in Unarmed Combat
 12647 | D:12     | Noticed Josephine
 12660 | D:12     | Killed Josephine
 12836 | D:12     | Noticed a two-headed ogre
 12848 | D:12     | Killed a two-headed ogre
 12848 | D:12     | Reached XP level 12. HP: 38/105 MP: 12/12
 13221 | D:12     | Reached ***** piety under Elyvilon
 13277 | D:12     | Noticed Frances
 13292 | D:12     | Killed from afar by Frances

Vault maps used:
D:1:      dpeg_arrival_long_road, serial_bayou_pond_b, minmay_misc_feat_columns
D:2:      kennysheep_okawaru_gauntlet
D:4:      first_ration, gup_sewer_entry_glass, vehumet_altar_wand_db, uniq_pikel
D:5:      eat_drink_and_be_merry_uskayaw, kennysheep_generic_room_11
D:6:      ashenzari_altar_1, kennysheep_mini_moat, serial_shops, kennysheep_mini
D:7:      lemuel_temple_firewalk_b, gammafunk_ghost_nasty_kobolds,
          grunt_livestock, uniq_duvessa
D:8:      nicolae_overflow_crystal_walls, gammafunk_temple_overflow_claw,
          enter_bailey_2, uniq_grum
D:9:      serial_ice, serial_ice_e, serial_ice_n, serial_ice_d, serial_ice_c,
          serial_ice_j, serial_ice_m, st_stairs_8
D:10:     hiddenorc2_lemuel
D:11:     david_lair_shrubbed, nrook_mini_backslash, xom_teletrap_fun
D:12:     uniq_josephine, uniq_frances
Temple:   regret_index_temple_waves
Sewer:    sewer_sea
Bailey:   bailey_axe_2, bailey

Skill      XL: |  1  2  3  4  5  6  7  8  9 10 11 12 |
---------------+-------------------------------------+-----
Unarmed Combat | 1 2 3 4 7 10 12 13 15 | 15.4
Poison Magic   | 3 4 5 |  5.0
Air Magic      | 1 2 3 |  3.2
Fighting       | 1 3 |  3.4
Shields        | 3 5 6 |  6.1
Throwing       | |  0.1
Dodging        | |  1.5
Stealth        | |  1.0
Spellcasting   | |  1.2
Conjurations   | |  0.6

Action                   |  1- 3 |  4- 6 |  7- 9 | 10-12 || total
-------------------------+-------+-------+-------+-------++-------
Melee: Unarmed           |    97 |   248 |   296 |   676 ||  1317
       Punch             |       |       |     7 |     2 ||     9
       Headbutt          |       |       |       |     1 ||     1
Throw: Tomahawk          |       |       |     3 |     3 ||     6
 Cast: Poisonous Vapours |       |     3 |     4 |    31 ||    38
       Olgreb's Toxic Ra |       |       |       |     1 ||     1
Evoke: Wand              |       |       |       |     1 ||     1
  Use: Potion            |       |       |     1 |     7 ||     8
       Scroll            |       |       |       |    22 ||    22
 Stab: Sleeping          |       |     3 |       |     5 ||     8
       Distracted        |       |       |       |     1 ||     1
  Eat: Chunk             |    14 |    24 |    29 |    66 ||   133
       Ration            |       |       |     1 |       ||     1
Armor: Robe              |    36 |    95 |    71 |   255 ||   457
Dodge: Dodged            |    76 |   122 |   113 |   136 ||   447
Block: Large shield      |       |       |       |   433 ||   433

Table legend:
 A = Non-vault XP
 B = Vault XP
 C = Vault XP percentage of total XP
 D = Non-vault monster count
 E = Vault monster count
 F = Vault count percentage of total count
                 A         B        C        D         E       F
            +---------+---------+-------+---------+---------+-------
      Total |   17251 |    6879 |  28.5 |     272 |     137 |  33.5
            +---------+---------+-------+---------+---------+-------
        D:1 |      27 |       5 |  15.6 |      14 |       3 |  17.6
        D:2 |      85 |       0 |   0.0 |      18 |       0 |   0.0
        D:3 |     140 |       0 |   0.0 |      18 |       0 |   0.0
        D:4 |     124 |     637 |  83.7 |      11 |       6 |  35.3
        D:5 |     765 |      13 |   1.7 |      22 |       1 |   4.3
        D:6 |    1072 |       0 |   0.0 |      29 |       0 |   0.0
        D:7 |    1223 |    1152 |  48.5 |      25 |       7 |  21.9
        D:8 |    1820 |     427 |  19.0 |      17 |       3 |  15.0
        D:9 |    2351 |     953 |  28.8 |      40 |      10 |  20.0
       D:10 |    4335 |     565 |  11.5 |      34 |      28 |  45.2
       D:11 |    2499 |     790 |  24.0 |      14 |       3 |  17.6
       D:12 |    2810 |    1297 |  31.6 |      30 |       2 |   6.2
      Sewer |       0 |     179 | 100.0 |       0 |      40 | 100.0
     Bailey |       0 |     861 | 100.0 |       0 |      34 | 100.0
            +---------+---------+-------+---------+---------+-------
